 Dungeon Crawl Stone Soup version 0.28-a0-823-gb444dcf96d (webtiles) character file.

Game seed: 14610240227400676019

4098 siradein the Grappler (level 10, 0/102 HPs)
             Began as a Troll Monk on Nov 9, 2021.
             Was a Believer of Ru.
             Hit by a javelin thrown by a centaur (7 damage)
             ... in a bailey.
             The game lasted 00:12:53 (6249 turns).

siradein the Grappler (Troll Monk)                  Turns: 6249, Time: 00:12:53

Health: 0/102      AC:  8    Str: 21    XL:     10   Next: 6%
Magic:  8/8        EV:  8    Int:  6    God:    Ru [**....]
Gold:   436        SH:  0    Dex: 15    Spells: 9/9 levels left

rFire   + . .      SeeInvis .     - Unarmed
rCold   . . .      Faith    .   (no shield)
rNeg    . . .      Spirit   .   C - +0 steam dragon scales
rPois   .          Reflect  .   (helmet restricted)
rElec   .          Harm     .   l - +0 cloak
rCorr   .          Rampage  .   (gloves unavailable)
Will    .....                   (boots unavailable)
Stlth   ..........              (no amulet)
HPRegen 1.27/turn               k - ring of protection from fire
MPRegen 0.11/turn               (no ring)

@: no status effects
A: large, unfitting armour, claws 3, regeneration 1, shaggy fur 1, tough skin 1,
no stealth, reduced EV 1, horns 1, low mp 1
a: Renounce Religion


You were in a bailey.
You worshipped Ru.
Ru was pleased with you.
You visited 2 branches of the dungeon, and saw 8 of its levels.
You also visited: Ossuary and Bailey.

You collected 460 gold pieces.
You spent 24 gold pieces at shops.

Inventory:

Missiles
 c - 6 atropa-tipped darts
 n - 29 poisoned darts (quivered)
 y - 8 javelins
Armour
 l - a +0 cloak (worn)
 C - +0 steam dragon scales (worn)
Jewellery
 k - a ring of protection from fire (left claw)
Scrolls
 b - a scroll of holy word
 d - 3 scrolls of vulnerability
 f - 5 scrolls of teleportation
 o - a scroll of acquirement
 s - 2 scrolls of enchant armour {unknown}
 u - 2 scrolls of enchant weapon {unknown}
 v - 2 scrolls of brand weapon {unknown}
 w - a scroll of immolation
 x - a scroll of amnesia {unknown}
 A - a scroll of magic mapping {unknown}
 B - 2 scrolls of fog {unknown}
Potions
 e - a potion of lignification {unknown}
 g - 3 potions of mutation
 h - a potion of heal wounds
 i - a potion of haste {unknown}
 j - 2 potions of brilliance {unknown}
 m - 5 potions of curing
 p - 3 potions of might {unknown}
 r - a potion of resistance {unknown}
 t - a potion of magic {unknown}
 z - a potion of berserk rage {unknown}


   Skills:
 + Level 7.5 Fighting
 + Level 7.4 Dodging
 + Level 9.0 Unarmed Combat


You had 9 spell levels left.
You didn't know any spells.
Your spell library contained the following spells:

 Spells                   Type           Power      Damage    Failure   Level
 Animate Skeleton         Necr           0%         N/A       45%         1
 Pain                     Necr           0%         1d4       45%         1
 Gell's Gravitas          Tloc           0%         N/A       83%         3
 Stone Arrow              Conj/Erth      0%         3d7       83%         3
 Teleport Other           Tloc           0%         N/A       83%         3
 Vampiric Draining        Necr           0%         2d6       83%         3
 Hailstorm                Conj/Ice       0%         3d3       99%         4
 Fireball                 Conj/Fire      0%         3d3       100%        5
 Dispersal                Tloc           0%         N/A       100%        6
 Iron Shot                Conj/Erth      0%         9d1       100%        6


Dungeon Overview and Level Annotations

Branches:
Dungeon (7/15)             Temple (1/1) D:5         Ossuary (visited)
 Bailey (1/1)

Altars:
Ashenzari
Cheibriados
Dithmenos
Fedhas
Makhleb
Nemelex Xobeh
Okawaru
Ru
Sif Muna
Trog
Vehumet
Wu Jian
Xom
Yredelemnul
Zin
The Shining One

Shops:
D:2 ?

Annotations:
D:6 2 transporters, jasper's ghost, novice DsTm


Innate Abilities, Weirdness & Mutations

You are too large for most types of armour.
You have claws for hands.
Your natural rate of healing is unusually fast.
You are covered in fur. (AC +1)
You have tough skin. (AC +1)
You cannot be stealthy.
You have somewhat slow reflexes. (EV -5)
You have a pair of small horns on your head.
Your magical capacity is low. (-10% MP)


Message History

The centaur throws a javelin.
The javelin pierces through you!
An orc comes into view. It is wielding a +0 halberd.
The orc shouts!
The centaur throws a javelin.
The javelin completely misses you.
The centaur hits you from afar with a +0 halberd!
The centaur throws a javelin.
The javelin pierces through you.
The centaur throws a javelin.
The javelin pierces through you!
* * * LOW HITPOINT WARNING * * *
The centaur throws a javelin.
The javelin barely misses you.
The centaur throws a javelin.
The javelin pierces through you!
* * * LOW HITPOINT WARNING * * *
The centaur throws a javelin.
The javelin barely misses you.
The centaur throws a javelin.
The javelin pierces through you.
* * * LOW HITPOINT WARNING * * *
The centaur throws a javelin.
The javelin pierces through you!
* * * LOW HITPOINT WARNING * * *
The centaur throws a javelin.
The javelin barely misses you.
You feel much better.
The centaur throws a javelin.
The javelin pierces through you.
* * * LOW HITPOINT WARNING * * *
The centaur throws a javelin.
The javelin pierces through you.
* * * LOW HITPOINT WARNING * * *
You focus your inner power and illuminate the centaur in retribution!
The centaur throws a javelin.
The javelin pierces through you.
* * * LOW HITPOINT WARNING * * *
The centaur throws a javelin.
The javelin pierces through you!
* * * LOW HITPOINT WARNING * * *
You feel much better.
The centaur throws a javelin.
The javelin pierces through you.
* * * LOW HITPOINT WARNING * * *
The orc barely misses you.
The centaur throws a javelin.
The javelin pierces through you.
* * * LOW HITPOINT WARNING * * *
The centaur throws a javelin.
The javelin pierces through you.
* * * LOW HITPOINT WARNING * * *
The centaur throws a javelin.
The javelin pierces through you!
* * * LOW HITPOINT WARNING * * *
The centaur throws a javelin.
The javelin barely misses you.
The centaur throws a javelin.
The javelin pierces through you!
You die...

....≈≈≈.≈≈≈≈#...##....≈≈≈
......≈.≈≈≈≈#...#.⌠.≈≈≈..
....⌠.≈≈.≈≈≈#...#..≈≈..≈≈
........≈c≈≈≈#..⌠#.≈≈.≈≈≈)
≈≈≈≈≈≈....≈≈c≈≈#).##.≈.≈≈).≈
≈≈≈≈≈≈≈≈≈...#####..#.≈≈.≈)≈≈≈
≈≈≈≈≈≈≈≈≈≈≈......'..#.≈.≈≈.≈..
≈≈≈≈::!≈≈≈≈≈......'.)#.≈..).≈..
≈≈≈o≈≈≈≈≈≈≈≈≈.)@...'..#.≈.≈≈.≈..
.≈≈≈≈≈≈o≈≈≈≈o..#####).#.≈≈.≈.≈≈≈
...≈≈≈≈≈≈≈....≈≈.≈≈#).##.≈.≈≈..≈
..........oo..≈.≈≈≈#..⌠#.≈≈.≈≈≈.
.⌠........c⌠.≈≈.≈≈≈#.).#..≈≈..≈≈
.............≈c≈≈≈≈#...#.⌠.≈≈≈..
≈≈.........≈≈≈.≈≈≈≈#..)##....≈≈≈
.≈≈≈.....≈≈≈..≈≈≈≈≈#.)..#####...
≈..≈≈≈≈≈≈≈.c≈≈≈≈≈≈≈#.......⌠####


You could see an orc warrior, 2 centaurs and 2 orcs.

Vanquished Creatures
  Sigmund (D:3)
  A steam dragon (D:6)
  3 water moccasins (D:6)
  10 orc warriors
  2 sky beasts
  2 black bears (D:5)
  3 ice beasts (D:6)
  2 necrophages
  3 centaurs
  4 ogres
  A phantom (D:5)
  A kobold brigand (D:5)
  A bullfrog (D:6)
  A scorpion (D:6)
  A wyvern skeleton (D:6)
  3 centaur zombies (Ossuary)
  3 hounds (D:6)
  A bullfrog skeleton (D:6)
  2 gnoll shamans (D:6)
  A jelly (D:6)
  2 orc priests
  A centaur skeleton (D:5)
  6 iguanas
  A scorpion zombie (D:5)
  An orc wizard (D:6)
  4 mummies (Ossuary)
  3 gnolls (D:6)
  5 adders
  A shadow imp (D:5)
  3 white imps
  3 worms
  2 dart slugs
  28 orcs
  10 bats
  7 endoplasms
  A giant cockroach (D:2)
  A gnoll zombie (Ossuary)
  9 hobgoblins
  6 jackals
  3 quokkas
  12 ball pythons
  6 frilled lizards
  15 goblins
  A goblin zombie (Ossuary)
  13 kobolds
  A kobold zombie (Ossuary)
  2 orc zombies (Ossuary)
  7 rats
200 creatures vanquished.

Vanquished Creatures (others)
  An orc (Bailey)
1 creature vanquished.

Grand Total: 201 creatures vanquished

Notes
Turn   | Place    | Note
-------+----------+-------------------------------------------
     0 | D:1      | siradein the Troll Monk began the quest for the Orb.
     0 | D:1      | Reached XP level 1. HP: 22/22 MP: 0/0
    76 | D:1      | Reached XP level 2. HP: 29/29 MP: 1/1
   252 | D:1      | Reached XP level 3. HP: 36/36 MP: 2/2
  1025 | D:2      | Found Inees's Magic Scroll Boutique.
  1045 | D:2      | Bought a scroll of identify for 24 gold pieces
  1097 | D:2      | Reached XP level 4. HP: 44/45 MP: 3/3
  1504 | D:3      | Got Qoacifel's Papyrus of Conjuration and the Volcanoes
  1620 | D:3      | Noticed Sigmund
  1631 | D:3      | Killed Sigmund
  1632 | D:3      | Reached skill level 4 in Unarmed Combat
  1632 | D:3      | Reached XP level 5. HP: 49/54 MP: 4/4
  1702 | D:3      | Reached XP level 6. HP: 58/62 MP: 5/5
  2293 | D:4      | Reached skill level 5 in Unarmed Combat
  2886 | D:4      | Identified a scroll of acquirement
  2930 | D:5      | Entered Level 5 of the Dungeon
  2969 | D:5      | Reached XP level 7. HP: 68/71 MP: 6/6
  3029 | D:5      | Found a staircase to the Ecumenical Temple.
  3036 | Temple   | Entered the Ecumenical Temple
  3045 | Temple   | Became a worshipper of Ru the Awakened
  3056 | D:5      | Gained mutation: You have somewhat slow reflexes. (EV -5)
                  | [Ru sacrifice]
  3056 | D:5      | Reached * piety under Ru
  3074 | D:5      | Reached skill level 5 in Fighting
  3093 | D:5      | Reached skill level 6 in Unarmed Combat
  3128 | D:5      | Reached skill level 5 in Dodging
  3230 | D:5      | Found a sand-covered staircase.
  3237 | Ossuary  | Entered an ossuary
  3272 | Ossuary  | Reached XP level 8. HP: 78/80 MP: 7/7
  3863 | D:5      | Identified the +0 chain mail of the Demon Prince {rElec
                  | Str+5}
  4154 | D:6      | Reached skill level 7 in Unarmed Combat
  4261 | D:6      | Found a transporter.
  4275 | D:6      | Noticed jasper's ghost (novice DsTm)
  4342 | D:6      | Reached XP level 9. HP: 64/89 MP: 8/8
  4370 | D:6      | Found a transporter.
  4849 | D:6      | Reached skill level 8 in Unarmed Combat
  5305 | D:6      | Gained mutation: Your magical capacity is low. (-10% MP)
                  | [potion of mutation]
  5305 | D:6      | Gained mutation: You have a pair of small horns on your
                  | head. [potion of mutation]
  5357 | D:7      | Found a flagged portal.
  5372 | Bailey   | Entered a bailey
  5971 | Bailey   | Gained mutation: You cannot be stealthy. [Ru sacrifice]
  5971 | Bailey   | Reached ** piety under Ru
  6023 | Bailey   | Reached XP level 10. HP: 94/102 MP: 8/8
  6175 | Bailey   | Reached skill level 9 in Unarmed Combat
  6244 | Bailey   | HP: 3/102 [centaur/javelin (15)]
  6246 | Bailey   | HP: 1/102 [centaur/javelin (12)]
  6249 | Bailey   | Hit by a javelin thrown by a centaur

Illustrated notes

Levels and vault maps discovered:
D:1:      eino_arrival_water_star, layout_basic, st_stairs_8
D:2:      layout_loops_ring, serial_shops, nicolae_diamond_shop,
          chequers_serial_rivers_micro_b, wander_ebering_terrifying_dragon_lair
D:3:      layout_basic, kennysheep_nub, grunt_decor_arrowhead,
          minmay_crystal_water, minivault_11, minivault_4,
          minmay_increasing_density, uniq_sigmund
D:4:      layout_basic
D:5:      layout_loops_ring, minmay_temple_entry_gardened_gates,
          chequers_ossuary_entry_cave, chequers_serial_rivers_large_b,
          minmay_circle_x
D:6:      minmay_recursive_quarters, layout_loops_ring,
          gammafunk_ghost_stat_death
D:7:      layout_cave_pools, gammafunk_ghost_berserking_beasts, enter_bailey_3,
          uniq_harold
Temple:   dpeg_three_leaves_temple
Bailey:   bailey_polearm_flooded_kennysheep, bailey

Skill      XL: |  1  2  3  4  5  6  7  8  9 10 |
---------------+-------------------------------+-----
Fighting       | 3 4 5 6 7 |  7.5
Dodging        | 3 4 5 6 7 |  7.4
Unarmed Combat | 4 5 6 7 8 9 |  9.0
Stealth        | 0 |  0.0

Action                   |  1- 3 |  4- 6 |  7- 9 | 10-12 || total
-------------------------+-------+-------+-------+-------++-------
Melee: Unarmed           |   128 |   109 |   322 |     8 ||   567
       Punch             |     2 |       |    20 |       ||    22
       Headbutt          |       |       |    19 |     4 ||    23
Invok: Sacrifice Health  |       |       |     1 |       ||     1
       Sacrifice Stealth |       |       |     1 |       ||     1
  Use: Scroll            |     1 |     2 |     4 |       ||     7
       Potion            |       |       |     1 |     2 ||     3
 Stab: Sleeping          |     5 |     1 |     7 |       ||    13
Armor: Robe              |    47 |    17 |    72 |       ||   136
       Steam dragon scal |       |       |    41 |     2 ||    43
Dodge: Dodged            |    65 |    42 |   156 |    12 ||   275

Table legend: (Time is in decaauts)
 A = Elapsed time spent in this place.
 B = Non-inter-level travel time spent in this place.
 C = Inter-level travel time spent in this place.
 D = Time resting spent in this place.
 E = Time spent auto-exploring this place.
 F = Levels seen in this place.
 G = Mean time per level.
                   A        B        C        D        E       F      G
               +--------+--------+--------+--------+--------+-----+--------+
         Total |   6218 |   6012 |    206 |    158 |   4067 |  10 |  621.8 |
       Dungeon |   5114 |   4908 |    206 |      7 |   3659 |   7 |  730.6 |
        Temple |     18 |     18 |      0 |      0 |      0 |   1 |   18.0 |
       Ossuary |    221 |    221 |      0 |      0 |    114 |   1 |  221.0 |
        Bailey |    864 |    864 |      0 |    151 |    294 |   1 |  864.0 |
               +--------+--------+--------+--------+--------+-----+--------+

Top non-repeatable levels by time:
     D:6: 1233 daAuts
     D:5: 931 daAuts
  Bailey: 864 daAuts
     D:4: 773 daAuts
     D:3: 751 daAuts
     D:1: 698 daAuts
     D:2: 692 daAuts
 Ossuary: 221 daAuts
     D:7: 33 daAuts
  Temple: 18 daAuts
